Map: Ascension vers Aïur EC

Players

Naffy

  • Race: Terran Terran
  • League: Grandmaster
  • Spawn Location: 11:00

Mantis - Winner!

  • Race: Zerg Zerg
  • Spawn Location: 5:00

VOD

Have the link to the VOD?

Description

Time

  • Played on: May 21, 2017, 3:41 p.m.
  • Length: 6:07
Show
View Real Time Build Order
Export as new Build Order

Naffy Terran 

Build Orders: Reaper Expand, Hellion Banshee 

Get SALT Encoding   

  12  0:00  SCV  
  13  0:12  SCV  
  14  0:17  Supply Depot  
  14  0:25  SCV  
  15  0:28  Refinery  
  15  0:38  SCV  
  16  0:44  Barracks  
  16  0:50  SCV  
  17  1:03  SCV  
  18  1:15  SCV  
  19  1:31  Orbital Command, Reaper  
  20  1:42  Command Center  
  20  1:54  Factory  
  20  1:57  SCV  
  21  2:01  Refinery  
  21  2:06  Barracks Reactor  
  21  2:09  SCV  
  21  2:13  Supply Depot  
  22  2:21  SCV  
  23  2:39  SCV  
  23  2:40  Starport  
  23  2:47  Hellion  
  23  2:48  Hellion, Barracks Tech Lab  
  27  3:07  SCV  
  27  3:09  Hellion  
  30  3:18  Hellion  
  32  3:20  Orbital Command  
  32  3:23  Cloaking Field  
  32  3:28  Banshee  
  35  3:34  SCV  
  36  3:46  SCV x2  
  36  3:47  Supply Depot  
  38  3:51  Hellion x2  
  42  3:59  SCV  
  42  4:00  SCV  
  44  4:04  Armory  
  44  4:10  Supply Depot  
  44  4:12  SCV x2  
  44  4:16  Banshee  
  53  4:25  SCV  
  54  4:32  SCV  
  54  4:33  Cyclone x2  
  54  4:37  Supply Depot  
  57  4:40  SCV  
  57  4:44  SCV  
  59  4:50  Marine  
  59  4:52  SCV  
  61  4:56  SCV  
  61  4:59  Banshee  
  63  5:04  SCV  
  63  5:05  Hellion  
  44  5:08  SCV  
  41  5:15  Hellion  
  41  5:16  SCV  
  34  5:28  SCV  
  35  5:40  SCV  
  30  5:52  SCV  
Show
View Real Time Build Order
Export as new Build Order

Mantis Zerg - Winner!

Build Orders: Pool First 

Get SALT Encoding   

  12  0:01  Drone  
  13  0:08  Drone  
  14  0:17  Overlord  
  14  0:22  Extractor  
  14  0:23  Drone  
  16  0:35  Drone x2  
  17  0:44  Spawning Pool  
  17  0:48  Drone  
  17  0:54  Drone  
  18  1:01  Extractor  
  17  1:15  Hatchery  
  17  1:16  Drone  
  17  1:20  Drone  
  18  1:31  Queen  
  20  1:34  Zergling x2  
  20  1:38  Drone  
  22  1:48  Overlord  
  22  2:03  Metabolic Boost  
  22  2:07  Queen  
  22  2:08  Drone  
  25  2:09  Drone  
  26  2:20  Drone  
  27  2:27  Queen, Drone  
  30  2:37  Overlord  
  30  2:40  Drone  
  30  2:41  Drone x2  
  33  2:50  Zergling x2  
  33  2:51  Zergling x4  
  36  2:58  Lair  
  35  3:07  Drone x3  
  35  3:11  Extractor  
  37  3:15  Baneling Nest  
  37  3:17  Drone x3  
  39  3:20  Drone x2  
  39  3:24  Drone  
  42  3:27  Extractor  
  42  3:29  Overlord  
  41  3:42  Drone x3  
  44  3:50  Zergling x4  
  44  4:01  Queen x2  
  48  4:03  Zergling x2  
  48  4:04  Zergling x2  
  48  4:06  Nydus Network  
  49  4:12  Baneling  
  49  4:13  Baneling x3  
  49  4:20  Spore Crawler  
  49  4:21  Spore Crawler, Overlord  
  47  4:32  Zergling x10  
  52  4:43  Nydus Canal  
  52  4:47  Zergling x10  
  52  4:48  Zergling x2  
  52  4:50  Baneling x2  
  52  4:51  Zergling x2  
  59  4:57  Nydus Canal  
  56  5:03  Overseer  
  44  5:14  Zergling x2  
  44  5:24  Zergling x8  
  44  5:25  Zergling x6  
  48  5:33  Zergling x2  
  49  5:41  Zergling x2  
  50  5:49  Zergling x2  
  48  5:50  Zergling x6  
Tags
 
Add a new tag
Caveats
  • Supply blocks, unpowered buildings, or Contaminate may cause inaccurate times.
  • Supply counts are checked every 10 seconds.